 Dungeon Crawl Stone Soup version 0.31.0-11-ge490571c62 (webtiles) character file.

Game seed: 9759225327797319082

48 stipulation the Grave Robber (level 3, -4/16 HPs)
             Began as a Vine Stalker Necromancer on Jan 28, 2024.
             Slain by Sigmund
             ... wielding a +0 scythe
              (7 damage)
             ... on level 2 of the Dungeon.
             The game lasted 00:02:30 (1193 turns).

stipulation the Grave Robber (VSNe)                 Turns: 1193, Time: 00:02:31

Health: -4/16      AC:  2    Str: 10    XL:     3   Next: 72%
Magic:  0/8        EV: 12    Int: 17    God:
Gold:   33         SH:  0    Dex: 14    Spells: 7/8 levels left

rFire   . . .        c - +0 dagger
rCold   . . .        (no shield)
rNeg    . . .        a - +0 robe
rPois   .            (no helmet)
rElec   .            (no cloak)
rCorr   .            (no gloves)
SInv    .            (no boots)
Will    .....        (no amulet)
Stlth   ++           (no ring)
HPRegen 1.02/turn    (no ring)
MPRegen 0.11/turn

%: guardian spirit
@: no status effects
A: fangs 2, regeneration 1, magic shield, antimagic bite, no potion heal 2
a: no special abilities


You were on level 2 of the Dungeon.
You visited 1 branch of the dungeon, and saw 2 of its levels.

You collected 33 gold pieces.

Inventory:

Hand Weapons
 c - a +0 dagger (weapon)
Armour
 a - a +0 robe (worn)
Jewellery
 n - a ring of flight
Scrolls
 d - a scroll of poison {unknown}
 f - a scroll of enchant armour {unknown}
 h - a scroll of fear {unknown}
 j - a scroll of fog {unknown}
 k - 2 scrolls of identify {unknown}
Potions
 b - a potion of magic
 e - a potion of haste {unknown}
 g - 2 potions of berserk rage {unknown}
 i - a potion of attraction {unknown}
 l - a potion of brilliance {unknown}
 m - a potion of cancellation {unknown}


   Skills:
 - Level 1.5 Dodging
 - Level 2.4 Stealth
 + Level 3.2 Spellcasting
 + Level 4.7 Necromancy


You had 7 spell levels left.
You knew the following spells:

 Your Spells              Type           Power      Damage    Failure   Level
a - Necrotise             Necr           72%        1d7       2%          1

Your spell library contained the following spells:

 Spells                   Type           Power      Damage    Failure   Level
 Sublimation of Blood     Necr           18%        N/A       3%          2
 Vampiric Draining        Necr           18%        2d7       8%          3
 Animate Dead             Necr           18%        N/A       24%         4
 Call Imp                 Summ           4%         N/A       26%         2
 Curse of Agony           Necr           18%        N/A       56%         5
 Summon Hydra             Summ           1%         N/A       100%        7


Dungeon Overview and Level Annotations

Branches:
Dungeon (2/15)

Altars:
Xom

Shops:
D:1 (

Annotations:
D:2 Sigmund


Innate Abilities, Weirdness & Mutations

You have extremely sharp teeth.
Your natural rate of healing is unusually fast.
When hurt, damage is shared between your health and your magic reserves.
Your bite disrupts and absorbs the magic of your enemies.
Potions cannot restore your health.


Message History

Something hits your kobold skeleton!
Your kobold skeleton is destroyed!
You bump into the rock wall.
You feel less confused. Sigmund gestures at you while chanting.
You are confused.
You bump into the rock wall.
You bump into the rock wall.
Sigmund gestures at you while chanting.
You are more confused.
You bump into the rock wall.
You bump into the rock wall.
Sigmund attacks as he pursues you!
Sigmund hits you from afar with a +0 scythe.
You're too confused to cast spells.
You're too confused to cast spells.
You're too confused to cast spells.
Sorry, you're not good enough to have a special ability.
You're too confused to cast spells.
Unknown command.
You bump into the rock wall.
You're too confused to move!
Sigmund hits you from afar with a +0 scythe!
Sigmund attacks as he pursues you! Sigmund barely misses you.
You see here a ring of flight.
n - a ring of flight You feel less confused.
Sigmund attacks as he pursues you!
Sigmund hits you from afar with a +0 scythe.
Sigmund gestures at you while chanting. The puff of flame hits you!
* * * LOW HITPOINT WARNING * * *
Casting: Necrotise (safe; 2% risk of failure)
Confirm with . or Enter, or press ? or * to list all spells.
Aiming: Necrotise (safe; 2% risk of failure)
Press: ? - help, Shift-Dir - straight line, f/p - Sigmund
Aim: Sigmund, wielding a +0 scythe and wearing a +0 robe (lightly wounded, chance to affect: 83%) Sigmund writhes in agony.
Sigmund hits you with a +0 scythe!
You die...
Sigmund begins carving another notch in his scythe.

#.#.# #####.#.#
.......# ...@..#
....) .Z. #.#
#.##############?#
#..........@@....#
#.################
####.### #......#
#......# #......#
#......# #......#
####.###


You could see Sigmund.

Vanquished Creatures
  An adder (D:2)
  A dart slug (D:1)
  6 bats (D:1)
  A giant cockroach (D:1)
  4 goblins (D:1)
  5 hobgoblins
  2 jackals (D:1)
  4 kobolds
  A quokka (D:1)
  4 ball pythons
  2 frilled lizards
31 creatures vanquished.

Vanquished Creatures (collateral kills)
  A rat (D:1)
1 creature vanquished.

Grand Total: 32 creatures vanquished

Notes
Turn   | Place    | Note
-------+----------+-------------------------------------------
     0 | D:1      | stipulation the Vine Stalker Necromancer began the quest
                  | for the Orb.
     0 | D:1      | Reached XP level 1. HP: 9/9 MP: 4/4
    61 | D:1      | Reached XP level 2. HP: 13/13 MP: 0/6
   421 | D:1      | Found Plog's Weapon Shop.
   493 | D:1      | Reached XP level 3. HP: 16/16 MP: 8/8
  1039 | D:2      | Found a shimmering altar of Xom.
  1167 | D:2      | Noticed Sigmund
  1193 | D:2      | Slain by Sigmund

Illustrated notes

Levels and vault maps discovered:
D:1:      psy_arrival_radial01, layout_rooms, serial_shops,
          nicolae_shop_advertising_works [nicolae_subvault_shop_adworks],
          minmay_pentomino_q2
D:2:      layout_basic, basic_altar, uniq_sigmund

Skill      XL: |  1  2  3 |
---------------+----------+-----
Spellcasting   | 3 |  3.2
Dodging        | |  1.5
Stealth        | |  2.4
Necromancy     | |  4.7

Action                     || total
---------------------------++-------
  Melee: Dagger            ||    47
         Bite              ||    16
         Unarmed           ||     4
   Cast: Necrotise         ||    53
   Stab: Sleeping          ||     2
 Armour: Robe              ||    48
  Dodge: Dodged            ||    51
